 Dungeon Crawl Stone Soup version 0.30.1-4-g462c640d31 (webtiles) character file.

Game seed: 2339340524629751891

2004 arthad the Trooper (level 9, -4/57 HPs)
             Began as a Gargoyle Fighter on Aug 23, 2023.
             Was a Follower of Okawaru.
             Slain by an orc warrior
             ... wielding a +2 battleaxe of electrocution
              (18 damage)
             ... on level 6 of the Dungeon.
             The game lasted 00:09:03 (5926 turns).

arthad the Trooper (Gargoyle Fighter)               Turns: 5926, Time: 00:09:04

Health: -4/57      AC: 16    Str: 23    XL:     9   Next: 22%
Magic:  9/9        EV:  9    Int: 16    God:    Okawaru [*.....]
Gold:   348        SH:  6    Dex: 15    Spells: 8/8 levels left

rFire   . . .        a - +0 flail
rCold   . . .        c - +0 buckler
rNeg    + . .        b - +0 scale mail
rPois   ∞            o - +0 helmet
rElec   +            J - +0 cloak
rCorr   .            (no gloves)
SInv    .            (no boots)
Will    .....        (no amulet) Stlth
                     p - +6 ring of dexterity
HPRegen 0.29/turn    C - +6 ring of intelligence
MPRegen 0.11/turn

%: no passive effects
@: no status effects
A: sickness immunity, AC +6, negative energy resistance 1, electricity
resistance, torment resistance 1, petrification resistance
a: Renounce Religion, Heroism


You were on level 6 of the Dungeon.
You worshipped Okawaru.
Okawaru was aware of your devotion.
You visited 2 branches of the dungeon, and saw 7 of its levels.

You collected 348 gold pieces.

Inventory:

Hand Weapons
 a - a +0 flail (weapon)
 I - a +4 quarterstaff of chaos
Missiles
 g - 7 poisoned darts (quivered)
Armour
 b - a +0 scale mail (worn)
 c - a +0 buckler (worn)
 o - a +0 helmet (worn)
 J - a +0 cloak (worn)
Jewellery
 p - a +6 ring of dexterity (left hand)
 y - a ring of wizardry
 A - a ring of magical power
 C - a +6 ring of intelligence (right hand)
 F - a ring of fire
Wands
 z - a wand of flame (28)
 G - a wand of charming (7)
Scrolls
 e - 4 scrolls of enchant weapon {unknown}
 f - 2 scrolls of poison {unknown}
 h - 10 scrolls of noise {unknown}
 i - 2 scrolls of enchant armour {unknown}
 j - 3 scrolls of fog {unknown}
 k - a scroll of immolation {unknown}
 l - 5 scrolls of identify {unknown}
 n - a scroll of torment {unknown}
 r - 3 scrolls of vulnerability {unknown}
 t - a scroll of acquirement {unknown}
 x - a scroll of fear {unknown}
 B - a scroll of teleportation {unknown}
 E - a scroll of summoning {unknown}
 H - a scroll of amnesia {unknown}
Potions
 d - a potion of degeneration {unknown}
 q - a potion of berserk rage {unknown}
 s - a potion of mutation {unknown}
 u - 2 potions of flight {unknown}
 v - 2 potions of brilliance {unknown}
 w - 2 potions of lignification {unknown}
 D - a potion of invisibility {unknown}


   Skills:
 * Level 7.5 Fighting
 * Level 6.5 Maces & Flails
 + Level 1.8 Throwing
 * Level 6.4 Armour
 * Level 6.4 Shields
 + Level 1.8 Evocations


You had 8 spell levels left.
You didn't know any spells.
Your spell library contained the following spells:

 Spells                   Type           Power      Damage    Failure   Level
 Ensorcelled Hibernation  Hex/Ice        0%         N/A       71%         2
 Passwall                 Tmut/Erth      0%         N/A       71%         2
 Swiftness                Air            0%         N/A       91%         3


Dungeon Overview and Level Annotations

Branches:
Dungeon (6/15)             Temple (1/1) D:5

Altars:
Ashenzari
Dithmenos
Elyvilon
Fedhas
Gozag
Hepliaklqana
Kikubaaqudgha
Makhleb
Nemelex Xobeh
Okawaru
Qazlal
Ru
Sif Muna
Trog
Uskayaw
Vehumet
Wu Jian
Xom
Zin
The Shining One

Shops:
D:1 ?


Innate Abilities, Weirdness & Mutations

You are immune to sickness and miasma.
Your stone body is resilient. (AC +6)
You are immune to poison.
You resist negative energy. (rN+)
You are resistant to electric shocks. (rElec)
You are resistant to unholy torment.
You are immune to petrification.


Message History

You are too injured to fight recklessly!
You are too injured to fight recklessly!
You are too injured to fight recklessly!
You are too injured to fight recklessly!
You are too injured to fight recklessly!
You are too injured to fight recklessly!
You are too injured to fight recklessly!
You hit the orc warrior but do no damage.
The orc warrior is severely wounded.
The orc warrior barely misses you.
You sock the orc warrior!
The orc warrior is almost dead.
The orc warrior hits you with a +2 battleaxe of electrocution!
* * * LOW HITPOINT WARNING * * *
You closely miss the orc warrior.
The orc warrior is almost dead.
The orc warrior hits you but does no damage.
You hit the orc warrior but do no damage.
The orc warrior is almost dead.
You block the orc warrior's attack.
You completely miss the orc warrior.
The orc warrior is almost dead.
The orc warrior hits you with a +2 battleaxe of electrocution.
* * * LOW HITPOINT WARNING * * *
You closely miss the orc warrior.
The orc warrior is almost dead.
The orc warrior hits you with a +2 battleaxe of electrocution.
* * * LOW HITPOINT WARNING * * *
You hit the orc warrior.
The orc warrior is almost dead.
The orc warrior barely misses you.
You feel better.
The orc warrior hits you with a +2 battleaxe of electrocution!
* * * LOW HITPOINT WARNING * * *
You feel better.
The orc warrior hits you with a +2 battleaxe of electrocution.
* * * LOW HITPOINT WARNING * * *
You feel better.
The orc warrior hits you with a +2 battleaxe of electrocution!!
You die...

#................#.#...#.# #.
#.###.########.#.#.#####.....
#####.###.#...............
....
#.........#.######.#######
### #.###.###.# #.# #.#
#.#####.# #.# #.# #.......#
#.# #.# ##############.#
.#### #.### #.......@oJ#
).§☼§ ....# #.########....☼§
(..○§ ##### #.# ##.§§ .....
#########.# # .####
........#.# ######.##.#
#.##.# #.##.# #.##.#


You could see an orc warrior and a jelly.

Vanquished Creatures
  A yak (D:5)
  Sigmund (D:3)
  2 water moccasins
  An ice beast (D:6)
  A sky beast (D:6)
  5 ogres
  A bullfrog (D:6)
  2 scorpions
  A howler monkey (D:5)
  2 jellies
  An orc priest (D:5)
  4 hounds
  Crazy Yiuf (D:5)
  3 sleepcaps
  2 iguanas
  4 orc wizards
  7 gnolls
  3 adders
  3 white imps
  2 worms
  2 dart slugs
  13 orcs
  4 ball pythons
  5 endoplasms
  4 giant cockroaches
  6 goblins
  5 hobgoblins
  9 kobolds
  3 quokkas
  4 bats (D:1)
  4 frilled lizards
  3 rats
109 creatures vanquished.

Notes
Turn   | Place    | Note
-------+----------+-------------------------------------------
     0 | D:1      | arthad the Gargoyle Fighter began the quest for the Orb.
     0 | D:1      | Reached XP level 1. HP: 14/14 MP: 1/1
   176 | D:1      | Found Qitaxt's Magic Scroll Boutique.
   225 | D:1      | Reached XP level 2. HP: 19/19 MP: 2/2
   915 | D:2      | Reached XP level 3. HP: 24/24 MP: 3/3
  1442 | D:2      | Reached skill level 4 in Fighting
  1578 | D:2      | HP: 1/24 [gnoll/+0 spear (2)]
  1582 | D:2      | Reached XP level 4. HP: 24/29 MP: 4/4
  2156 | D:3      | Noticed a scorpion
  2183 | D:3      | Killed a scorpion
  2184 | D:3      | Reached XP level 5. HP: 16/34 MP: 5/5
  2263 | D:3      | Found a shadowy altar of Dithmenos.
  2418 | D:3      | Noticed Sigmund
  2424 | D:3      | Killed Sigmund
  2425 | D:3      | Reached skill level 5 in Fighting
  2425 | D:3      | Reached XP level 6. HP: 35/40 MP: 6/6
  3117 | D:4      | Reached XP level 7. HP: 34/44 MP: 7/7
  3613 | D:5      | Entered Level 5 of the Dungeon
  3668 | D:5      | Reached skill level 6 in Fighting
  3793 | D:5      | Reached skill level 5 in Maces & Flails
  3793 | D:5      | Reached skill level 5 in Armour
  3873 | D:5      | Reached skill level 5 in Shields
  3941 | D:5      | Reached XP level 8. HP: 28/52 MP: 8/8
  4267 | D:5      | Found a staircase to the Ecumenical Temple.
  4278 | Temple   | Entered the Ecumenical Temple
  4376 | Temple   | Became a worshipper of Warmaster Okawaru
  4633 | D:5      | Found a runed translucent door.
  4633 | D:5      | Noticed Crazy Yiuf
  4690 | D:5      | Killed Crazy Yiuf
  4779 | D:6      | Noticed a yak
  4806 | D:6      | Reached skill level 1 in Throwing
  4806 | D:6      | Reached skill level 1 in Evocations
  4878 | D:6      | Reached skill level 7 in Fighting
  5189 | D:6      | Reached XP level 9. HP: 53/57 MP: 9/9
  5345 | D:6      | Reached * piety under Okawaru
  5563 | D:6      | Found a broken altar of Ashenzari.
  5924 | D:6      | HP: 1/57 [orc warrior/+2 battleaxe of electrocution (13)]
  5926 | D:6      | Slain by an orc warrior

Illustrated notes

Levels and vault maps discovered:
D:1:      dpeg_arrival_ternary, layout_basic, serial_shops, shop_scrolls,
          item_on_display_a
D:2:      layout_loops_corners
D:3:      layout_loops_corners, grunt_dithmenos_smoke, uniq_sigmund
D:4:      layout_rooms, serial_glass, glass_columns_a, glass_columns_a
D:5:      layout_rooms, minmay_temple_entry_sparse_star, uniq_crazy_yiuf_cottage
D:6:      layout_basic, lemuel_round_altar, lemuel_flame_loot_1
Temple:   compressed_dpeg_circular_temple

Skill      XL: |  1  2  3  4  5  6  7  8 |
---------------+-------------------------+-----
Fighting       | 4 5 6 7 |  7.5
Maces & Flails | 3 4 5 6 |  6.5
Armour         | 4 5 6 |  6.4
Shields        | 4 5 6 |  6.4
Throwing       | 1 |  1.8
Evocations     | 1 |  1.8

Action                     |  1- 3 |  4- 6 |  7- 9 || total
---------------------------+-------+-------+-------++-------
  Melee: Flail             |   131 |   144 |   282 ||   557
  Throw: Dart              |     4 |     3 |    14 ||    21
    Use: Potion            |     1 |     1 |     5 ||     7
 Armour: Scale mail        |    80 |    71 |   145 ||   296
  Dodge: Dodged            |    71 |    40 |   104 ||   215
  Block: Buckler           |    34 |    41 |    62 ||   137
